Map: Odyssey LE

Players

CopyZML

  • Race: Protoss Protoss
  • League: Diamond
  • Spawn Location: 11:00

A.I. 1 (Very Easy) - Winner!

  • Race: Terran Terran
  • Spawn Location: 5:00

VOD

Have the link to the VOD?

Description

Time

  • Played on: Aug. 9, 2017, 11:08 a.m.
  • Length: 9:19
Show
View Real Time Build Order
Export as new Build Order

CopyZML Protoss 

Build Orders: 1 Gate Expand, Oracle Opening 

Get SALT Encoding   

  12  0:00  Probe (Chrono Boost)  
  13  0:11  Probe (Chrono Boost)  
  14  0:17  Pylon  
  14  0:22  Probe (Chrono Boost)  
  15  0:35  Probe (Chrono Boost)  
  16  0:37  Gateway  
  16  0:46  Probe (Chrono Boost)  
  16  0:49  Assimilator  
  17  0:56  Probe (Chrono Boost)  
  18  1:07  Probe (Chrono Boost)  
  19  1:17  Probe (Chrono Boost)  
  20  1:25  Nexus  
  20  1:34  Cybernetics Core  
  20  1:37  Probe (Chrono Boost)  
  21  1:42  Assimilator  
  21  1:48  Probe (Chrono Boost)  
  21  1:54  Pylon  
  22  1:58  Probe (Chrono Boost)  
  23  2:12  Mothership Core (Chrono Boost)  
  23  2:13  Adept (Chrono Boost)  
  27  2:18  Warp Gate  
  27  2:30  Probe (Chrono Boost)  
  28  2:37  Probe (Chrono Boost)  
  28  2:40  Adept (Chrono Boost)  
  28  2:41  Probe  
  32  2:47  Probe  
  33  2:53  Probe  
  34  2:59  Probe (Chrono Boost)  
  34  3:04  Stargate  
  35  3:05  Probe (Chrono Boost)  
  37  3:12  Probe (Chrono Boost)  
  37  3:16  Probe (Chrono Boost)  
  37  3:18  Pylon  
  37  3:19  Pylon  
  38  3:25  Probe (Chrono Boost)  
  38  3:26  Gateway  
  39  3:28  Gateway  
  39  3:35  Probe (Chrono Boost)  
  39  3:37  Probe (Chrono Boost)  
  41  3:46  Pylon, Probe (Chrono Boost)  
  41  3:47  Probe (Chrono Boost)  
  41  3:48  Oracle (Chrono Boost)  
  46  3:58  Probe  
  46  3:59  Twilight Council  
  46  4:00  Probe  
  48  4:10  Probe  
  48  4:13  Probe (Chrono Boost)  
  50  4:22  Probe (Chrono Boost)  
  51  4:24  Stalker  
  51  4:25  Stalker x2  
  51  4:29  Nexus  
  57  4:36  Probe (Chrono Boost)  
  57  4:37  Probe (Chrono Boost)  
  59  4:39  Assimilator  
  59  4:42  Assimilator  
  59  4:44  Blink (Chrono Boost)  
  59  4:49  Probe  
  59  4:50  Probe  
  61  4:54  Pylon  
  61  5:01  Probe  
  61  5:02  Probe, Stalker x2  
  61  5:03  Zealot  
  69  5:14  Probe x2  
  71  5:26  Probe x2  
  73  5:35  Templar Archives  
  73  5:37  Gateway  
  73  5:38  Gateway  
  73  5:40  Probe (Chrono Boost), Gateway  
  73  5:41  Gateway x2  
  74  5:50  Pylon  
  74  5:51  Probe (Chrono Boost)  
  74  5:56  Probe (Chrono Boost)  
  77  5:57  Pylon, Probe (Chrono Boost)  
  77  5:58  Pylon  
  77  6:02  Pylon  
  77  6:06  Probe (Chrono Boost)  
  77  6:07  Probe (Chrono Boost)  
  77  6:10  Probe (Chrono Boost)  
  80  6:11  Templar Archives  
  80  6:15  Forge  
  80  6:16  Forge  
  80  6:17  Probe (Chrono Boost)  
  80  6:18  Sentry, Probe (Chrono Boost)  
  84  6:19  Sentry x2  
  84  6:22  Probe (Chrono Boost)  
  89  6:26  Assimilator  
  89  6:27  Probe x2 (Chrono Boost)  
  89  6:28  Assimilator  
  91  6:33  Probe  
  91  6:35  Charge (Chrono Boost)  
  91  6:39  Psionic Storm  
  92  6:42  Zealot  
  92  6:43  Zealot x5  
  104  6:48  Protoss Ground Weapons Level 1 (Chrono Boost)  
  104  6:51  Protoss Ground Armor Level 1 (Chrono Boost)  
  104  6:57  Probe x2  
  104  6:59  Probe  
  107  7:02  Pylon  
  107  7:09  Probe  
  108  7:15  Pylon  
  108  7:17  Pylon  
  108  7:19  Pylon  
  108  7:24  Pylon  
  108  7:25  Robotics Facility  
  108  7:28  Pylon x2  
  108  7:29  Pylon  
  108  7:34  High Templar x3  
  108  7:35  Zealot x4  
  108  7:36  Zealot  
  124  7:45  Photon Cannon  
  124  7:47  Photon Cannon  
  124  7:53  Photon Cannon  
  124  7:58  High Templar x3, Zealot x2  
  134  8:09  High Templar, Zealot x2  
  140  8:17  Gateway  
  140  8:19  Observer  
  141  8:20  Gateway  
  141  8:21  Gateway x2  
  141  8:26  High Templar  
  143  8:29  High Templar, Zealot  
  143  8:30  Zealot x4  
  155  8:34  Pylon  
  155  8:38  Pylon  
  155  8:40  Pylon  
  155  8:48  Nexus  
  155  9:01  Pylon  
  155  9:03  High Templar x3  
  155  9:05  Zealot x2  
  155  9:06  Zealot x3  
  171  9:17  Assimilator  
Show
View Real Time Build Order
Export as new Build Order

A.I. 1 (Very Easy) Terran - Winner!

Build Orders:  

Get SALT Encoding   

  12  0:00  SCV  
  13  0:13  SCV  
  14  0:19  Supply Depot  
  14  0:37  Refinery  
  14  0:44  Barracks  
  14  1:05  Supply Depot  
  14  1:12  Refinery  
  14  1:33  Orbital Command, Marine  
  15  1:52  Barracks Tech Lab  
  15  1:59  SCV  
  16  2:12  SCV  
  17  2:18  Marine  
  18  2:24  SCV  
  19  2:36  SCV  
  20  2:48  SCV  
  21  3:00  SCV  
  21  3:05  Marauder  
  20  3:50  Marauder  
  20  3:53  Supply Depot  
  22  4:19  Marauder  
  24  4:48  Marauder  
  26  4:55  SCV  
  21  5:07  SCV  
  19  5:16  Marauder  
  19  5:19  SCV  
  19  5:31  SCV  
  19  5:43  SCV  
  19  5:45  Marauder  
  22  5:55  SCV  
  23  6:07  SCV  
  24  6:13  Marauder  
  26  6:42  SCV  
  26  6:44  Factory  
  26  6:46  Marine  
  28  6:47  Supply Depot  
  28  6:54  SCV  
  29  7:03  Command Center  
  29  7:06  SCV  
  30  7:18  SCV, Marine  
  30  7:30  Starport  
  26  7:50  Marine  
  27  8:06  Starport Tech Lab  
  27  8:15  SCV  
  28  8:23  SCV, Marauder  
  28  8:25  Raven, Refinery  
  28  8:27  Refinery  
  33  8:30  SCV  
  34  8:37  SCV  
  35  8:44  SCV  
  36  8:51  SCV  
  36  8:54  Marine  
  38  8:59  SCV  
  39  9:06  SCV  
Tags
 
Add a new tag
Caveats
  • Supply blocks, unpowered buildings, or Contaminate may cause inaccurate times.
  • Supply counts are checked every 10 seconds.